 Dungeon Crawl Stone Soup version 0.31.0-11-ge490571c62 (webtiles) character file.

Game seed: 5327953039771316271

564 Aviak the Caller (level 7, 54/54 HPs)
             Began as a Demonspawn Summoner on Jan 26, 2024.
             Quit the game on level 5 of the Dungeon.
             The game lasted 00:06:46 (3768 turns).

Aviak the Caller (Demonspawn Summoner)              Turns: 3768, Time: 00:06:47

Health: 54/54      AC:  3    Str:  9    XL:     7   Next: 10%
Magic:  11/11      EV: 14    Int: 17    God:
Gold:   161        SH:  8    Dex: 17    Spells: 9/12 levels left

rFire   . . .        r - +6 falchion "Giantbane" {venom, rC+ Dex+4}
rCold   + . .        (no shield)
rNeg    . . .        a - +0 robe
rPois   .            (no helmet)
rElec   .            w - +0 cloak
rCorr   .            (no gloves)
SInv    .            (no boots)
Will    .....        (no amulet)
Stlth   ++           (no ring)
HPRegen 0.29/turn    (no ring)
MPRegen 0.12/turn

%: no passive effects
@: no status effects
A: large bone plates 1, demonic guardian 1, condensation shield, weakness
stinger 1
a: no special abilities


You were on level 5 of the Dungeon.
You visited 2 branches of the dungeon, and saw 6 of its levels.

You collected 161 gold pieces.

Inventory:

Hand Weapons
 e - a +0 dagger
 n - a +1 dagger of electrocution
 r - the +6 falchion "Giantbane" (weapon) {venom, rC+ Dex+4}
   (You found it on level 3 of the Dungeon)

   Dex+4:     It affects your dexterity (+4).
   rC+:       It protects you from cold.
Armour
 a - a +0 robe (worn)
 w - a +0 cloak (worn)
Scrolls
 g - a scroll of revelation {unknown}
 o - 2 scrolls of identify {unknown}
 s - a scroll of summoning {unknown}
 t - a scroll of enchant armour {unknown}
 u - a scroll of teleportation {unknown}
Potions
 b - a potion of magic
 c - 2 potions of lignification {unknown}
 d - a potion of might {unknown}
 f - 2 potions of degeneration {unknown}
 h - a potion of brilliance {unknown}
 i - 2 potions of attraction {unknown}
 j - a potion of cancellation {unknown}
 k - a potion of heal wounds {unknown}
 l - 2 potions of haste {unknown}
 m - 2 potions of mutation {unknown}
 p - a potion of enlightenment {unknown}
 q - 3 potions of curing {unknown}
 v - a potion of berserk rage {unknown}


   Skills:
 + Level 4.3 Fighting
 - Level 4.5 Dodging
 - Level 1.7 Stealth
 - Level 3.0 Spellcasting
 - Level 5.0 Summonings


You had 9 spell levels left.
You knew the following spells:

 Your Spells              Type           Power      Damage    Failure   Level
a - Summon Small Mammal   Summ           76%        N/A       2%          1
b - Call Imp              Summ           38%        N/A       3%          2

Your spell library contained the following spells:

 Spells                   Type           Power      Damage    Failure   Level
 Call Canine Familiar     Summ           19%        N/A       7%          3
 Lesser Beckoning         Tloc           4%         N/A       26%         2
 Gell's Gravitas          Tloc           2%         N/A       45%         3
 Teleport Other           Tloc           2%         N/A       45%         3
 Summon Blazeheart Golem  Fire/Summ      11%        N/A       52%         4
 Summon Lightning Spire   Summ/Air       11%        N/A       52%         4


Dungeon Overview and Level Annotations

Branches:
Dungeon (5/15)             Temple (1/1) D:4

Altars:
Ashenzari
Cheibriados
Dithmenos
Fedhas
Gozag
Hepliaklqana
Kikubaaqudgha
Makhleb
Nemelex Xobeh
Okawaru
Qazlal
Ru
Sif Muna
Trog
Uskayaw
Vehumet
Wu Jian
Xom
Yredelemnul


Innate Abilities, Weirdness & Mutations

You are partially covered in large bone plates. (SH +4)
A weak demonic guardian rushes to your aid.
A meltable shield of frost defends you. (SH +4)
You have a small tail.


Message History

You slash Crazy Yiuf!
Crazy Yiuf looks as sick as possible!
Crazy Yiuf is severely wounded.
Crazy Yiuf cries, "Lugonu!"
Crazy Yiuf closely misses you.
You slash Crazy Yiuf!
You kill Crazy Yiuf!
No target in view!
There is an open translucent door here.
Things that are here:
a +3 quarterstaff of chaos; a +0 cloak
w - a +0 cloak You start putting on your armour.
You continue putting on your +0 cloak. x4
You finish putting on your +0 cloak.
Your cerulean imp disappears in a puff of smoke!
Done exploring.
Done exploring.
There is an open translucent door here.
You see here a +3 quarterstaff of chaos.
There is a stone staircase leading down here.
You climb downwards.
You hear the sound of rushing water.
There is an entrance to a sewer on this level.
Hurry and find it before the portal rusts away!
The ogre shouts!
Found two stone staircases leading down.
There is a stone staircase leading up here.
Okay, then.
You slash the ogre!
The ogre is poisoned.
The ogre is moderately wounded.
The ogre closely misses you.
You hit the ogre.
The ogre looks as sick as possible!
The ogre is heavily wounded.
You block the ogre's attack.
You slash the ogre!
The ogre looks as sick as possible!
The ogre is almost dead.
You kill the ogre!
Your Fighting skill increases to level 4!
You have reached level 7!
Your demonic ancestry asserts itself...
You feel the presence of a demonic guardian.
Are you sure you want to abandon this character and quit the game? (Confirm with "yes".)

# . ###. .>
... ...
####.. ...>
......# ....
#......##..#
#......@...#
#.....)##.##
....... .#
#...#.. #
#.. ... #.
.... # .....
#.....


There were no monsters in sight!

Vanquished Creatures
  A steam dragon (D:4)
  An ogre (D:5)
  A hound (D:4)
  2 jellies (D:2)
  2 orc priests (D:4)
  Crazy Yiuf (D:4)
  An orc wizard (Temple)
  3 gnolls (D:4)
  3 adders
  2 dart slugs
  6 orcs
  8 endoplasms
  A giant cockroach (D:2)
  2 hobgoblins
  2 jackals (D:1)
  9 kobolds
  2 quokkas
  6 ball pythons
  2 bats
  3 frilled lizards
  2 rats (D:2)
60 creatures vanquished.

Vanquished Creatures (collateral kills)
  2 adders
  2 bats
  6 endoplasms
  2 goblins
  3 hobgoblins (D:1)
  A quokka (D:2)
  2 ball pythons
  A frilled lizard (D:2)
  8 kobolds
  2 rats
29 creatures vanquished.

Grand Total: 89 creatures vanquished

Notes
Turn   | Place    | Note
-------+----------+-------------------------------------------
     0 | D:1      | Aviak the Demonspawn Summoner began the quest for the Orb.
     0 | D:1      | Reached XP level 1. HP: 13/13 MP: 3/3
   196 | D:1      | Gained mutation: A meltable shield of frost defends you.
                  | (SH +4) [demonic ancestry]
   196 | D:1      | Reached XP level 2. HP: 14/19 MP: 3/5
   199 | D:1      | Learned a level 2 spell: Call Imp
   611 | D:1      | Found a faded altar of an unknown god.
   657 | D:2      | Found a shimmering altar of Xom.
   714 | D:2      | Gained mutation: You are partially covered in large bone
                  | plates. (SH +4) [demonic ancestry]
   714 | D:2      | Reached XP level 3. HP: 19/24 MP: 3/6
  1156 | D:2      | Found a hazy altar of Hepliaklqana.
  1156 | D:2      | Found a shimmering altar of Xom.
  1156 | D:2      | Found an ancient bone altar of Kikubaaqudgha.
  1156 | D:2      | Found a hazy altar of Hepliaklqana.
  1156 | D:2      | Found a shimmering altar of Xom.
  1201 | D:2      | Gained mutation: You have a small tail. [demonic ancestry]
  1201 | D:2      | Reached XP level 4. HP: 28/30 MP: 8/8
  1786 | D:3      | Found a bloodstained altar of Trog.
  1857 | D:3      | Identified the +6 falchion "Giantbane" {venom, rC+ Dex+4}
  1899 | D:3      | Reached XP level 5. HP: 26/35 MP: 6/9
  1950 | D:3      | Reached skill level 5 in Summonings
  2634 | D:4      | Noticed a steam dragon
  2644 | D:4      | Killed a steam dragon
  2645 | D:4      | Reached XP level 6. HP: 39/41 MP: 7/10
  2661 | D:4      | Reached skill level 1 in Fighting
  2730 | D:4      | Found a staircase to the Ecumenical Temple.
  2756 | Temple   | Entered the Ecumenical Temple
  3131 | D:4      | Found a runed translucent door.
  3132 | D:4      | Noticed Crazy Yiuf
  3691 | D:4      | Killed Crazy Yiuf
  3763 | D:5      | Entered Level 5 of the Dungeon
  3768 | D:5      | Gained mutation: A weak demonic guardian rushes to your
                  | aid. [demonic ancestry]
  3768 | D:5      | Reached XP level 7. HP: 54/54 MP: 11/11
  3768 | D:5      | Quit the game

Illustrated notes

Levels and vault maps discovered:
D:1:      dpeg_arrival_ternary, layout_rooms,
          ebering_ecumenical_altar_sacrificial, minmay_close_crescents
D:2:      cheibrodos_fertilizer, layout_basic, basic_altar
D:3:      layout_basic, nicolae_overflow_hidden_temple,
          kennysheep_generic_room_8
D:4:      layout_cave_pods, minmay_temple_entry_large_hall,
          uniq_crazy_yiuf_cottage
D:5:      layout_basic, gup_sewer_entry_pipe
Temple:   mainiacjoe_temple_starburst

Skill      XL: |  1  2  3  4  5  6 |
---------------+-------------------+-----
Dodging        | 2 3 4 |  4.5
Spellcasting   | 3 |  3.0
Summonings     | 5 |  5.0
Fighting       | 4 |  4.3
Stealth        | |  1.7

Action                     |  1- 3 |  4- 6 |  7- 9 || total
---------------------------+-------+-------+-------++-------
  Melee: Unarmed           |    29 |       |       ||    29
         Dagger            |    98 |    16 |       ||   114
         Punch             |     1 |     1 |       ||     2
         Falchion          |       |    57 |       ||    57
         Tailslap          |       |     6 |       ||     6
   Cast: Summon Small Mamm |    11 |     1 |       ||    12
         Call Imp          |    15 |    14 |       ||    29
   Stab: Sleeping          |     3 |     3 |       ||     6
 Armour: Robe              |    51 |    23 |       ||    74
  Dodge: Dodged            |    79 |    46 |       ||   125
  Block: Other             |    25 |    18 |       ||    43
